 Dungeon Crawl Stone Soup version 0.20-a0-959-gdc9e609 (webtiles) character file.

62 JeffiDaFish the Insei (level 3, -3/28 HPs)
             Began as a Draconian Transmuter on Apr 7, 2017.
             Slain by Sigmund
             ... wielding a +0 scythe
              (5 damage)
             ... on level 2 of the Dungeon.
             The game lasted 00:03:04 (1424 turns).

JeffiDaFish the Insei (Draconian Transmuter)        Turns: 1424, Time: 00:03:05

Health: -3/28      AC:  5    Str: 12      XL:     3   Next: 85%
Magic:  7/7        EV: 12    Int: 13      God:
Gold:   76         SH:  0    Dex: 11 (12) Spells: 6/7 levels left

rFire    . . .     SeeInvis .   f - +0 hand axe
rCold    . . .     Gourm    .   (no shield)
rNeg     . . .     Faith    .   (armour unavailable)
rPois    .         Spirit   .   (helmet restricted)
rElec    .         Reflect  .   (no cloak)
rCorr    .         Harm     .   (no gloves)
MR       +....                  (no boots)
Stlth    +.........             (no amulet)
Regen    0.1/turn               (no ring)
MPRegen  0.1/turn               (no ring)

@: appendage (expiring)
A: unfitting armour, horns 2, deterioration 1, magic resistance 1, cold-blooded,
AC +5
a: End Transformation


You were on level 2 of the Dungeon.
You were not hungry.
You had grown temporary horns.
You visited 1 branch of the dungeon, and saw 2 of its levels.

You collected 76 gold pieces.

Inventory:

Hand Weapons
 f - a +0 hand axe (weapon)
Missiles
 a - 36 arrows
Jewellery
 d - an uncursed amulet of regeneration {unknown}
Scrolls
 e - 4 scrolls of identify
Books
 b - a book of Changes

   Spells                             Type                      Level
   a - Beastly Appendage              Transmutation                1
   b - Sticks to Snakes               Transmutation                2
   c - Spider Form                    Transmutation/Poison         3
   d - Ice Form                       Ice/Transmutation            4
   e - Blade Hands                    Transmutation                5
Comestibles
 c - a bread ration
 g - a fruit
 h - a royal jelly
 i - 6 chunks of flesh


   Skills:
 + Level 1.3 Fighting
 + Level 0.6 Axes
 + Level 2.0 Dodging
 + Level 0.8 Stealth
 - Level 3.3 Unarmed Combat
 + Level 2.6 Spellcasting
 + Level 2.6 Transmutations


You had 6 spell levels left.
You knew the following spells:

 Your Spells              Type           Power        Failure   Level  Hunger
a - Beastly Appendage     Tmut           #.....       10%         1    #......


Dungeon Overview and Level Annotations

Branches:
Dungeon (2/15)

Altars:

Annotations:
D:2 Sigmund


Innate Abilities, Weirdness & Mutations

Your plain brown scales are hard. (AC +5)
You cannot fit into any form of body armour.
You are cold-blooded and may be slowed by cold attacks.
You have a pair of horns on your head.
Your body sometimes deteriorates upon taking damage.
You are resistant to hostile enchantments. (MR+)


Message History

You hit the goblin.
You kill the goblin!
Something hits you!
Things that are here:
a dagger; a goblin corpse You completely miss something.
You headbutt something.
Your transformation is almost over.
Something hits you but does no damage.
You closely miss something. You tail-slap something. Something hits you!
* * * LOW HITPOINT WARNING * * *
You miss something. You headbutt something.
Something hits you but does no damage.
You hit something. You headbutt something.
You hear some strange, mumbled words.
A puff of flame appears from out of thin air!
The puff of flame misses you.
You miss something. Something barely misses you.
You miss something. Your headbutt misses something.
Your tail-slap misses something.
Something hits you.
You die...

#...@..........#.#
#.# #)#
######.####.# #.#
#....§§§..).# #@#
##.###§###### #.#
#§# #.# #§# #.#
#§# #.########.#
#...[{@....#
##########.# #.#
###


There were no monsters in sight!

Vanquished Creatures
  Jessica (D:2)
  An ooze (D:1)
  A leopard gecko (D:1)
  A giant cockroach (D:1)
  4 hobgoblins
  6 kobolds (D:1)
  2 ball pythons (D:1)
  5 bats (D:1)
  2 frilled lizards (D:1)
  5 goblins
  2 rats (D:1)
30 creatures vanquished.

Notes
Turn   | Place    | Note
-------+----------+-------------------------------------------
     0 | D:1      | JeffiDaFish the Draconian Transmuter began the quest for the Orb.
     0 | D:1      | Reached XP level 1. HP: 16/16 MP: 3/3
   107 | D:1      | Gained mutation: Your body sometimes deteriorates upon taking damage. [potion of mutation]
   107 | D:1      | Gained mutation: You are resistant to hostile enchantments. (MR+) [potion of mutation]
   446 | D:1      | Reached XP level 2. HP: 23/23 MP: 3/5
   971 | D:1      | Reached XP level 3. HP: 21/28 MP: 6/6
  1391 | D:2      | Noticed Jessica
  1400 | D:2      | Killed Jessica
  1401 | D:2      | Noticed Sigmund
  1420 | D:2      | HP: 1/28 [something (10)]
  1424 | D:2      | Slain by Sigmund

Vault maps used:
D:1:      zaba_arrival_water, minmay_misc_feat_x, hex_medium
D:2:      kiku_gazebo_garden_becter, first_bread, uniq_jessica, uniq_robin,
          uniq_sigmund

Skill      XL: |  1  2 |
---------------+-------+-----
Dodging        | 2 |  2.0
Fighting       | |  1.3
Axes           | |  0.6
Stealth        | |  0.8
Unarmed Combat | |  3.3
Spellcasting   | |  2.6
Transmutations | |  2.6

Action                   || total
-------------------------++-------
Melee: Hand axe          ||    92
       Unarmed           ||     5
       Headbutt          ||     5
       Tailslap          ||     5
       Kick              ||     2
       Punch             ||     2
 Cast: Beastly Appendage ||    16
  Use: Potion            ||     3
       Scroll            ||     3
 Stab: Sleeping          ||     2
  Eat: Chunk             ||     2
Armor: Skin              ||    32
Dodge: Dodged            ||    84
